 Dungeon Crawl Stone Soup version 0.24-a0-434-gd57e52fea8 (webtiles) character file.

Game seed: 1780777152616003258

135 Krouwed the Sneak (level 5, -2/45 (46) HPs)
             Began as a Ghoul Assassin on June 16, 2019.
             Killed from afar by an orc wizard (10 damage)
             ... with a puff of flame
             ... on level 2 of the Dungeon.
             The game lasted 00:09:25 (1721 turns).

Krouwed the Sneak (Ghoul Assassin)                  Turns: 1721, Time: 00:09:26

HP:   -2/45 (46)    AC:  3    Str: 16    XL:     5   Next: 18%
MP:   4/4           EV: 11    Int:  6    God:
Gold: 44            SH:  0    Dex: 10    Spells: 4/4 levels left

rFire    . . .     SeeInvis .     - Unarmed
rCold    + . .     Gourm    .   (no shield)
rNeg     + + +     Faith    .   b - +0 robe
rPois    ∞         Spirit   .   (no helmet)
rElec    .         Reflect  .   c - +0 cloak
rCorr    .         Harm     .   (no gloves)
MR       .....                  (no boots)
Stlth    +++.......             (no amulet)
HPRegen  0.00/turn              (no ring)
MPRegen  0.09/turn              (no ring)

@: rotting
A: rotting body, claws 1, carnivore, cold resistance 1, negative energy
resistance 3, inhibited regeneration, torment resistance, unbreathing
a: no special abilities


You were on level 2 of the Dungeon.
You were not hungry.

You visited 1 branch of the dungeon, and saw 2 of its levels.

You collected 44 gold pieces.

Inventory:

Hand Weapons
 a - a +2 dagger
Missiles
 d - 4 poisoned darts (quivered)
Armour
 b - a +0 robe (worn)
 c - a +0 cloak (worn)
Scrolls
 g - a scroll of identify {unknown}
 j - a scroll of immolation
 k - a scroll of remove curse
Potions
 h - 2 potions of lignification {unknown}
 i - a potion of mutation {unknown}
Comestibles
 f - 3 rations


   Skills:
 + Level 3.7 Fighting
 - Level 1.7 Short Blades
 - Level 1.7 Throwing
 - Level 1.1 Dodging
 + Level 5.5 Stealth
 + Level 2.7 Unarmed Combat


You had 4 spell levels left.
You didn't know any spells.
Your spell library was empty.

Dungeon Overview and Level Annotations

Branches:
Dungeon (2/15)

Altars:
Ashenzari
Fedhas
Makhleb
Vehumet


Innate Abilities, Weirdness & Mutations

Your body is rotting away.
You thrive on raw meat.
You are immune to poison.
You have sharp fingernails.
You are carnivorous and can eat meat at any time.
Your flesh is cold resistant. (rC+)
You are immune to negative energy. (rN+++)
You do not regenerate when monsters are visible.
You are immune to unholy pain and torment.
You can survive without breathing.


Message History

Aim: an orc wizard, wielding a +0 dagger and wearing a +0 robe You throw a poisoned dart.
The poisoned dart barely misses the orc wizard.
The orc wizard gestures wildly while chanting.
The orc wizard seems to speed up.
You hear a shout!
The orc priest calls down the wrath of Beogh upon you.
Beogh smites you!
* * * LOW HITPOINT WARNING * * *
The orc wizard hits you but does no damage.
The orc wizard casts a cantrip, but nothing happens.
The orc wizard barely misses you. The orc wizard barely misses you.
The orc wizard hits you with a +0 dagger.
* * * LOW HITPOINT WARNING * * *
The orc wizard hits you with a +0 dagger.
* * * LOW HITPOINT WARNING * * *
The orc wizard gestures at you while chanting.
The puff of flame hits you!
You die...

#####.# #.......# #.# # #.#
#.#####.# #o# #####.## #.#
#.# #.# .......# #.# #.# #.#
.......###.# #.# #.#
......>....#####.# #.#
.................# #.#
.......###>....############.#
.......###......@o.....o....#
...............##############
.##########...## .# ##### .#
.## ..# ..# ..#


You could see an orc priest and an orc wizard.

Vanquished Creatures
  An orc priest (D:2)
  Jessica (D:2)
  3 adders (D:2)
  An ooze (D:1)
  3 dart slugs
  2 leopard geckos
  An orc (D:2)
  5 bats
  3 giant cockroaches (D:1)
  6 goblins
  5 hobgoblins
  3 frilled lizards
  A kobold (D:1)
  8 rats
43 creatures vanquished.

Notes
Turn   | Place    | Note
-------+----------+-------------------------------------------
     0 | D:1      | Krouwed the Ghoul Assassin began the quest for the Orb.
     0 | D:1      | Reached XP level 1. HP: 17/17 MP: 0/0
    31 | D:1      | Reached skill level 1 in Dodging
    70 | D:1      | Reached XP level 2. HP: 11/25 MP: 1/1
   209 | D:1      | Reached skill level 1 in Unarmed Combat
   319 | D:1      | Reached XP level 3. HP: 19/30 MP: 2/2
   975 | D:2      | Reached skill level 5 in Stealth
  1129 | D:2      | Found a radiant altar of Vehumet.
  1136 | D:2      | Reached XP level 4. HP: 29/38 MP: 3/3
  1142 | D:2      | Found a shattered altar of Ashenzari.
  1386 | D:2      | Found a burning altar of Makhleb.
  1386 | D:2      | Noticed Jessica
  1394 | D:2      | Killed Jessica
  1403 | D:2      | Found a blossoming altar of Fedhas.
  1687 | D:2      | Reached XP level 5. HP: 23/45 MP: 4/4
  1721 | D:2      | Killed from afar by an orc wizard

Levels and vault maps discovered:
D:1:      minmay_arrival_open_corners, layout_rooms, minivault_14
D:2:      layout_loops_ring, grunt_temple_overflow_cloverleaf, uniq_jessica

Skill      XL: |  1  2  3 |
---------------+----------+-----
Dodging        | 1 |  1.1
Unarmed Combat | 1 2 |  2.7
Fighting       | 3 |  3.7
Stealth        | 5 |  5.5
Short Blades   | |  1.7
Throwing       | |  1.7

Action                   |  1- 3 |  4- 6 || total
-------------------------+-------+-------++-------
Melee: Unarmed           |   133 |    47 ||   180
       Punch             |     1 |       ||     1
Throw: Dart              |       |     6 ||     6
  Use: Scroll            |       |     2 ||     2
 Stab: Sleeping          |     6 |     2 ||     8
  Eat: Chunk             |     7 |     1 ||     8
       Ration            |       |     2 ||     2
Armor: Robe              |    53 |     3 ||    56
Dodge: Dodged            |    70 |    24 ||    94

Table legend:
 A = Non-vault XP
 B = Vault XP
 C = Vault XP percentage of total XP
 D = Non-vault monster count
 E = Vault monster count
 F = Vault count percentage of total count
                 A         B        C        D         E       F
            +---------+---------+-------+---------+---------+-------
      Total |     157 |      37 |  19.1 |      42 |       1 |   2.3
            +---------+---------+-------+---------+---------+-------
        D:1 |      53 |       0 |   0.0 |      27 |       0 |   0.0
        D:2 |     104 |      37 |  26.2 |      15 |       1 |   6.2
            +---------+---------+-------+---------+---------+-------
